 Dungeon Crawl Stone Soup version 0.21-a0-88-g13b9641 (webtiles) character file.

1180 grisnicke the Sneak (level 8, 0/50 HPs)
             Began as an Octopode Transmuter on June 25, 2017.
             Slain by a wyvern skeleton (11 damage)
             ... on level 6 of the Dungeon on June 26, 2017.
             The game lasted 00:59:06 (7958 turns).

grisnicke the Sneak (Octopode Transmuter)           Turns: 7958, Time: 00:59:07

Health: 0/50       AC:  2    Str:  9    XL:     8   Next: 42%
Magic:  8/11       EV: 23    Int: 18    God:
Gold:   222        SH:  0    Dex: 17    Spells: 2/12 levels left

rFire    . . .     SeeInvis .     - Unarmed
rCold    . . .     Gourm    .   (shield currently unavailable)
rNeg     . . .     Faith    .   (helmet currently unavailable)
rPois    x         Spirit   .   (no amulet)
rElec    .         Reflect  .   f - +2 ring of evasion
rCorr    .         Harm     .   (no ring)
MR       .....                  (no ring)
Stlth    +++.......             (no ring)
HPRegen  0.16/turn              (no ring)
MPRegen  0.12/turn              (no ring)
                                (no ring)
                                (no ring)

@: spider-form
A: almost no armour, stealthy swim, (amphibious), 8 rings, (constrict 8)
a: End Transformation


You were on level 6 of the Dungeon.
You were hungry.
You were a venomous arachnid creature.
You visited 1 branch of the dungeon, and saw 6 of its levels.
You also visited: Sewer.

You collected 222 gold pieces.

Inventory:

Hand Weapons
 q - a +0 hunting sling
   (You found it on level 2 of the Dungeon)
Missiles
 a - 11 arrows
 i - 2 needles of paralysis
 j - 151 stones (quivered)
 u - 5 javelins
 B - 12 poisoned needles
Armour
 x - a +0 buckler
   (You found it on level 3 of the Dungeon)
Jewellery
 f - a +2 ring of evasion (left front leg)
   (You found it on level 1 of the Dungeon)
Wands
 G - a wand of disintegration (12/24)
   (You found it on level 6 of the Dungeon)
 H - a wand of confusion (36/48)
   (You took it off a goblin on level 6 of the Dungeon)
Scrolls
 h - 2 scrolls of blinking {unknown}
 o - a scroll of enchant armour {unknown}
 r - a scroll of amnesia {unknown}
 s - 4 scrolls of teleportation {unknown}
 t - 3 scrolls of remove curse {unknown}
 y - 2 scrolls of fear {unknown}
 A - 2 scrolls of fog {unknown}
 C - 2 scrolls of magic mapping {unknown}
 F - a scroll of random uselessness {unknown}
Potions
 e - 4 potions of heal wounds
 l - 6 potions of curing {unknown}
 m - a potion of cancellation {unknown}
 n - 2 potions of lignification {!q}
 p - a potion of mutation {unknown}
 v - 2 potions of haste
 w - 5 potions of flight {unknown}
 z - a potion of might {unknown}
 D - 2 potions of magic
 E - 2 potions of agility {unknown}
Books
 b - a book of Changes
 d - a book of the Dragon
   (You found it on level 4 of the Dungeon)
Comestibles
 c - 5 bread rations {@e1}
 k - a meat ration {@e2}


   Skills:
 - Level 2.2 Fighting
 - Level 3.0 Dodging
 - Level 5.5 Stealth
 - Level 3.6 Unarmed Combat
 - Level 2.5 Spellcasting
 - Level 5.0 Transmutations
 + Level 3.6 Ice Magic
 - Level 4.4 Poison Magic
 + Level 2.5 Evocations


You had 2 spell levels left.
You knew the following spells:

 Your Spells              Type           Power        Failure   Level  Hunger
a - Beastly Appendage     Tmut           ###...       9%          1    #......
b - Ice Form              Ice/Tmut       ###.....     50%         4    #####..
c - Spider Form           Tmut/Pois      ###.......   19%         3    ###....
s - Sticks to Snakes      Tmut           ###.....     11%         2    ##.....


Dungeon Overview and Level Annotations

Branches:
Dungeon (6/15)
 Temple: D:4-7

Altars:
Ru
Sif Muna
Wu Jian
Xom

Annotations:
D:2 ring need digging or lrd, 2 exclusions, Sigmund
D:4 exclusion: ogre
D:5 exclusions: downstairs and ice beast, Duvessa; graymark's ghost, novice DsMo
D:6 exclusions: jelly, orc and orc warrior, Grinder


Innate Abilities, Weirdness & Mutations

You cannot wear most types of armour.
You are very stealthy in the water. (Stealth+)
((You are amphibious.))
You can wear up to eight rings at the same time.
((You can use your tentacles to constrict eight enemies at once.))
((Your skin changes colour to match your surroundings (Stealth+).))
((Your rubbery body absorbs attacks. (AC +1, EV +1)))


Message History

MASSIVE DAMAGE!!
You now have 9/11 mp.
You swap places.
The orc warrior hits you with a trident!
You take 13 damage, and have 20/50 hp.
MASSIVE DAMAGE!!
The orc warrior completely misses you.
Casting: Sticks to Snakes You turn into a venomous arachnid creature.
Your ball python bites the orc warrior but does no damage.
Your ball python barely misses the orc warrior. x2
Your ball python closely misses the orc warrior.
You now have 6/11 mp.
You hit the orc warrior but do no damage.
The orc warrior is poisoned.
The orc warrior hits you with a trident!
* * * LOW HITPOINT WARNING * * *
Your ball python bites the orc warrior but does no damage.
Your ball python closely misses the orc warrior.
You take 15 damage, and have 5/50 hp.
MASSIVE DAMAGE!!
You hit the orc warrior but do no damage.
The orc warrior looks even sicker.
The orc warrior hits you with a trident.
* * * LOW HITPOINT WARNING * * *
Your ball python misses the orc warrior.
Your ball python completely misses the orc warrior.
You take 3 damage, and have 2/50 hp.
You barely miss the orc warrior. The orc warrior misses you.
Your ball python misses the orc warrior.
Your ball python grabs the orc warrior.
Your ball python constricts the orc warrior.
You feel much better.
Your ball python bites the orc warrior but does no damage.
Your ball python constricts the orc warrior.
The orc warrior misses you.
You regained 24 hp, and now have 26/50 hp.
You hit the orc warrior but do no damage.
The orc warrior looks as sick as possible!
Your ball python bites the orc warrior but does no damage.
Your ball python constricts the orc warrior.
The orc warrior completely misses you.
You hit the orc warrior but do no damage.
Your ball python bites the orc warrior.
Your ball python constricts the orc warrior.
The orc warrior completely misses you.
You hit the orc warrior but do no damage.
The orc warrior looks as sick as possible!
Your transformation is almost over.
Your ball python bites the orc warrior.
Your ball python constricts the orc warrior.
You hit the orc warrior.
The orc warrior looks as sick as possible!
Your ball python bites the orc warrior but does no damage.
Your ball python constricts the orc warrior.
The orc warrior barely misses you.
Your ball python barely misses the orc warrior.
Your ball python constricts the orc warrior.
You hit the orc warrior but do no damage.
The orc warrior looks as sick as possible!
The orc warrior hits you with a trident!
* * * LOW HITPOINT WARNING * * *
Your ball python bites the orc warrior but does no damage.
Your ball python constricts the orc warrior.
You take 12 damage, and have 15/50 hp.
MASSIVE DAMAGE!!
You hit the orc warrior but do no damage.
The orc warrior looks as sick as possible!
You kill the orc warrior!
Your life force feels restored.
Your Evocations skill increases to level 2!
w - 5 puce potions (gained 1)
Things that are here:
a trident; a plate armour You swap places.
You start resting.
Your ball python withers and dies!
Your transformation has ended.
You start resting.
All of the chunks of flesh in your inventory have rotted away.
Your ball python withers and dies!
You regained 15 hp, and now have 31/50 hp.
MP restored: 11 You start resting.
You are feeling hungry.
You start resting.
Okay, then.
You don't know that spell.
You turn into a venomous arachnid creature.
You now have 8/11 mp.
The wyvern skeleton completely misses you.
The wyvern skeleton bites you!
You take 15 damage, and have 16/50 hp.
MASSIVE DAMAGE!!
You hit the wyvern skeleton. The wyvern skeleton misses you.
You hit the wyvern skeleton. The wyvern skeleton bites you.
* * * LOW HITPOINT WARNING * * *
You take 5 damage, and have 11/50 hp.
You hit the wyvern skeleton. The wyvern skeleton bites you!
You die...

#.)....#..........#
<.###............##
........##......##
.)###..########## ..#
#.........## ..#
#...####...### ### #####
##....# # ##8###8# #.##Z#
##8...8...8##.##s###
##.........##.##...#
#>........._#.####)# ###
##.........#### #.# #.#
##8...8...8## #.#####.# #
#8###8## #..)....# #
########### ##.)###.## #
#...##....# ####)..##..##
###.........####..).#.#....#


You could see a wyvern skeleton.

Vanquished Creatures
  2 orc warriors (D:6)
  A big kobold (Sewer)
  A bullfrog (D:6)
  3 wights (D:6)
  A crimson imp (D:5)
  A howler monkey (D:4)
  An orc priest (D:6)
  2 hounds
  4 orc wizards
  A gnoll shaman (D:5)
  An iguana (D:6)
  4 gnolls
  5 adders
  2 oozes
  An adder zombie (D:6)
  7 worms
  2 dart slugs
  3 leopard geckos
  16 orcs
  5 ball pythons
  6 bats
  4 giant cockroaches
  3 goblins
  3 hobgoblins
  6 jackals
  3 quokkas
  2 frilled lizards
  A jackal skeleton (D:6)
  13 kobolds
  A leopard gecko zombie (D:5)
  A quokka skeleton (D:5)
  12 rats
118 creatures vanquished.

Vanquished Creatures (collateral kills)
  An ogre (D:4)
  2 big kobolds (Sewer)
  2 wights (D:6)
  An orc priest (D:5)
  An adder (D:4)
  A worm (D:5)
  2 orcs (D:3)
  2 goblins
  2 jackals (D:4)
14 creatures vanquished.

Vanquished Creatures (others)
  13 fungi (D:6)
13 creatures vanquished.

Grand Total: 145 creatures vanquished

Notes
Turn   | Place    | Note
-------+----------+-------------------------------------------
     0 | D:1      | grisnicke the Octopode Transmuter began the quest for the Orb.
     0 | D:1      | Reached XP level 1. HP: 13/13 MP: 3/3
   230 | D:1      | Reached skill level 1 in Stealth
   233 | D:1      | Reached XP level 2. HP: 14/18 MP: 3/5
   237 | D:1      | Learned a level 2 spell: Sticks to Snakes
   479 | D:1      | Reached skill level 2 in Stealth
   818 | D:2      | Found a sacrificial altar of Ru.
  1000 | D:2      | Reached XP level 3. HP: 20/23 MP: 3/6
  1243 | D:2      | Noticed Sigmund
  1603 | D:2      | Reached skill level 3 in Stealth
  1625 | D:2      | HP: 8/34 [poisoned by an adder]
  2031 | D:3      | Reached skill level 3 in Transmutations
  2455 | D:3      | Upgraded the game from 0.21-a0-85-ga0cb861 to 0.21-a0-88-g13b9641
  2538 | D:3      | Learned a level 3 spell: Spider Form
  2740 | D:3      | Reached XP level 4. HP: 27/28 MP: 3/7
  3675 | D:4      | Noticed an ogre
  3692 | D:4      | Found a deep blue altar of Sif Muna.
  3821 | D:4      | Reached skill level 4 in Transmutations
  3821 | D:4      | Reached XP level 5. HP: 26/33 MP: 2/8
  4030 | D:4      | Found an ornate altar of the Wu Jian Council.
  4224 | D:4      | Noticed an ogre
  4242 | D:5      | Entered Level 5 of the Dungeon
  4478 | D:5      | Found a glowing drain.
  4527 | Sewer    | Entered a sewer
  4670 | Sewer    | Reached skill level 1 in Poison Magic
  4795 | Sewer    | Noticed a big kobold
  4812 | Sewer    | Noticed a big kobold
  4812 | Sewer    | Killed a big kobold
  4812 | Sewer    | Reached skill level 2 in Fighting
  4812 | Sewer    | Reached skill level 2 in Poison Magic
  4812 | Sewer    | Reached XP level 6. HP: 39/39 MP: 2/9
  5005 | Sewer    | Reached skill level 3 in Poison Magic
  5185 | D:5      | Noticed an ice beast
  5191 | D:5      | Reached skill level 4 in Stealth
  5239 | D:5      | Noticed graymark's ghost (novice DsMo)
  5263 | D:5      | HP: 4/39 [graymark's ghost (24)]
  5761 | D:5      | Reached XP level 7. HP: 32/45 MP: 7/10
  5825 | D:5      | Reached skill level 5 in Stealth
  5825 | D:5      | Reached skill level 4 in Poison Magic
  5936 | D:4      | Learned a level 4 spell: Ice Form
  6375 | D:5      | Noticed Duvessa
  6439 | D:6      | HP: 5/45 [wyvern skeleton (8)]
  6892 | D:6      | Reached skill level 3 in Dodging
  6892 | D:6      | Reached skill level 5 in Transmutations
  7106 | D:6      | Reached skill level 1 in Ice Magic
  7127 | D:6      | Reached XP level 8. HP: 27/50 MP: 5/11
  7134 | D:6      | Reached skill level 2 in Ice Magic
  7308 | D:6      | Noticed Grinder
  7408 | D:6      | Found a shimmering altar of Xom.
  7614 | D:6      | Reached skill level 3 in Ice Magic
  7614 | D:6      | Reached skill level 1 in Evocations
  7845 | D:6      | HP: 5/50 [orc warrior/trident (15)]
  7846 | D:6      | HP: 2/50 [orc warrior/trident (3)]
  7854 | D:6      | Reached skill level 2 in Evocations
  7957 | D:6      | HP: 11/50 [wyvern skeleton (5)]
  7958 | D:6      | Slain by a wyvern skeleton

Vault maps used:
D:1:      kilobyte_arrival_exit_the_forest
D:2:      nicolae_ru_path_of_blood, serial_glass, glass_columns_b,
          glass_columns_b, item_on_display_a, minmay_strange_pillars,
          due_unseen_surprise, minmay_strange_pillars, uniq_crazy_yiuf_cottage,
          uniq_sigmund
D:3:      first_bread
D:4:      overflow_temple_1_default, lemuel_coloured_pillars_altar
D:5:      minmay_temple_entry_statues_pillars, portal_sewer_entry_b,
          corexii_checkpoint_a, uniq_duvessa
D:6:      kennysheep_steamy, nicolae_overflow_crystal_walls,
          nicolae_overflow_hidden_temple, uniq_grinder
Sewer:    sewer_co_15_rooms

Skill      XL: |  1  2  3  4  5  6  7  8 |
---------------+-------------------------+-----
Stealth        | 1 2 3 4 5 |  5.5
Transmutations | 3 4 5 |  5.0
Poison Magic   | 2 3 4 |  4.4
Fighting       | 2 |  2.2
Dodging        | 3 |  3.0
Ice Magic      | 1 3 |  3.6
Evocations     | 2 |  2.5
Unarmed Combat | |  3.6
Spellcasting   | |  2.5

Action                   |  1- 3 |  4- 6 |  7- 9 || total
-------------------------+-------+-------+-------++-------
Melee: Unarmed           |    75 |   127 |   164 ||   366
       Constrict         |    22 |    27 |    15 ||    64
       Kick              |     7 |     9 |     6 ||    22
       Tentacles         |    10 |    26 |     7 ||    43
       Punch             |     1 |     3 |       ||     4
Throw: Stone             |    13 |    14 |     6 ||    33
       Javelin           |     5 |    28 |     2 ||    35
 Cast: Beastly Appendage |    20 |     8 |     5 ||    33
       Sticks to Snakes  |    10 |    44 |    10 ||    64
       Spider Form       |       |       |    11 ||    11
       Ice Form          |       |       |     1 ||     1
  Use: Potion            |     1 |     1 |     2 ||     4
       Scroll            |       |     5 |       ||     5
 Stab: Sleeping          |     6 |    11 |     7 ||    24
       Distracted        |       |     1 |     1 ||     2
  Eat: Chunk             |     7 |    12 |     5 ||    24
       Royal jelly       |       |       |     1 ||     1
       Fruit             |       |       |     2 ||     2
Armor: Skin              |     7 |       |     8 ||    15
Dodge: Dodged            |    43 |    73 |   111 ||   227

Vault maps used:
D:1:      kilobyte_arrival_exit_the_forest
D:2:      nicolae_ru_path_of_blood, serial_glass, glass_columns_b,
          glass_columns_b, item_on_display_a, minmay_strange_pillars,
          due_unseen_surprise, minmay_strange_pillars, uniq_crazy_yiuf_cottage,
          uniq_sigmund
D:3:      first_bread
D:4:      overflow_temple_1_default, lemuel_coloured_pillars_altar
D:5:      minmay_temple_entry_statues_pillars, portal_sewer_entry_b,
          corexii_checkpoint_a, uniq_duvessa
D:6:      kennysheep_steamy, nicolae_overflow_crystal_walls,
          nicolae_overflow_hidden_temple, uniq_grinder
Sewer:    sewer_co_15_rooms

Table legend:
 A = Turns spent in this place as a percentage of turns spent in the entire game.
 B = Non-inter-level travel turns spent in this place as a percentage of non-inter-level travel turns spent in the entire game.
 C = Inter-level travel turns spent in this place as a percentage of turns spent in this place.
 D = Turns resting spent in this place as a percentage of non-inter-level travel turns spent in this place.
 E = Turns spent auto-exploring this place as a percentage of non-inter-level travel turns spent in this place.
 F = Non-inter-level travel turns spent in this place divided by the number of levels of this place that you've seen.
                   A       B       C       D       E      F
               +-------+-------+-------+-------+-------+----------------------
         Total | 100.0 | 100.0 |   0.3 |   4.2 |   2.2 | 456.9
       Dungeon |  89.0 |  88.9 |   0.3 |   4.6 |   2.4 | 474.0
         Sewer |  11.0 |  11.1 |   0.0 |   1.1 |   0.8 | 354.0
               +-------+-------+-------+-------+-------+----------------------

Table legend:
 A = Kills in this place as a percentage of kills in entire the game.
 B = Kills by you in this place as a percentage of kills by you in the entire game.
 C = Kills by friends in this place as a percentage of kills by friends in the entire game.
 D = Other kills in this place as a percentage of other kills in the entire game.
 E = Experience gained in this place as a percentage of experience gained in the entire game.
 F = Experience gained in this place divided by the number of levels of this place that you have seen.
                   A       B       C       D       E      F
               +-------+-------+-------+-------+-------+----------------------
         Total | 100.0 | 100.0 | 100.0 |  -nan | 100.0 | 241.0
       Dungeon |  85.6 |  85.6 |  85.7 |  -nan |  87.1 | 244.8
         Sewer |  14.4 |  14.4 |  14.3 |  -nan |  12.9 | 218.0
               +-------+-------+-------+-------+-------+----------------------
